Construct Section Command Post
Construct Platoon Command Post
Unlock Bishop Self-propelled Artillery
6-pounder Anti-tank Gun Team
Bishop Self-propelled Artillery
Bishop Self-propelled Artillery
Construct Field Infirmary
Construct Company Command Post
Selects Indian Artillery Battlegroup
Selects Artillery Saturation
Selects Gurkha Rifles Section
Selects Volunteer Infantry
Unlock M3 Grant Medium Tanks
Unlock Towed 17-pounder Anti-tank Guns
Selects Off-map Airburst Barrage
17-pounder Anti-tank Gun Team